 Dungeon Crawl Stone Soup version 0.18-a0-1800-gdc7a371 (webtiles) character file.

11843 Murumi the Schismatic (level 12, -13/89 HPs)
             Began as a Formicid Abyssal Knight on Apr 24, 2016.
             Was an Elder of Lugonu.
             Mangled by a phantasmal warrior (23 damage)
             ... led by a death knight
             ... on level 11 of the Dungeon.
             The game lasted 01:39:28 (12470 turns).

Murumi the Schismatic (Formicid Abyssal Knight)    Turns: 12470, Time: 01:39:28

Health: -13/89     AC: 17    Str: 22    XL:     12   Next: 12%
Magic:  9/21       EV: 11    Int: 15    God:    Lugonu [****..]
Gold:   214        SH: 19    Dex: 24    Spells: 0 memorised, 11 levels left

rFire  . . .     SeeInvis +     J - +1 scimitar
rCold  + . .     Gourm    .     N - +0 plate armour
rNeg   . . .     Faith    .     l - +0 large shield
rPois  .         Spirit   .     (helmet unavailable)
rElec  .         Dismiss  .     q - +0 cloak
rCorr  .         Reflect  .     C - +0 pair of gloves "Zihofagh" {Str+3}
SustAt .         Harm     .     r - +2 pair of boots
MR     .....                    (no amulet)
Stlth  ..........               j - ring of Cackien {Fragile MR- Dex+9 Slay+4 Stlth+}
                                i - ring of protection from cold

@: agile, not resistant to hostile enchantments, extremely unstealthy
A: permanent stasis, dig shafts and tunnels, four strong arms, antennae 3, claws
1
a: Dig, Shaft Self, Depart the Abyss, Bend Space, Banish, Corrupt, Renounce
Religion


You were on level 11 of the Dungeon.
You worshipped Lugonu.
Lugonu was greatly pleased with you.
You were very hungry.

You visited 1 branch of the dungeon, and saw 11 of its levels.
You visited the Abyss 2 times.

You collected 622 gold pieces.
You spent 408 gold pieces at shops.

Inventory:

Hand Weapons
 D - a +0 hand crossbow
 J - a +1 scimitar (weapon)
Missiles
 f - 162 bolts
Armour
 l - a +0 large shield (worn)
 q - a +0 cloak (worn)
 r - a +2 pair of boots (worn)
 C - the +0 pair of gloves "Zihofagh" (worn) {Str+3}
   (You found it on level 7 of the Dungeon)

   It affects your strength (+3).
 N - a +0 plate armour (worn)
Jewellery
 i - a ring of protection from cold (left hand)
 j - the ring of Cackien (right hand) {Fragile MR- Dex+9 Slay+4 Stlth+}
   (You found it on level 4 of the Dungeon)

   [ring of stealth]

   It affects your dexterity (+9).
   It affects your accuracy and damage with ranged weapons and melee attacks
   (+4).
   It affects your resistance to hostile enchantments.
   It will be destroyed if unequipped.
   It makes you more stealthy.
Wands
 n - a wand of confusion (22/48)
 o - a wand of flame (17/48)
 u - a wand of paralysis (18/24)
 v - a wand of acid (8/15)
 w - a wand of disintegration (12/24)
 x - a wand of flame (38/48)
 y - a wand of lightning (4/15)
 G - a wand of acid (5/15)
 L - a wand of confusion (22/48)
 M - a wand of paralysis (14/24)
Scrolls
 a - a scroll of identify
 d - 4 scrolls of remove curse
 e - 2 scrolls of fear
 k - 2 scrolls of magic mapping
 m - 3 scrolls of enchant armour
 I - a scroll of recharging
Potions
 t - a potion of lignification
 B - a potion of invisibility
 H - 4 potions of curing
Miscellaneous
 A - a plain deck of destruction
Comestibles
 b - 2 royal jellies
 c - 8 bread rations
 g - 2 slices of pizza
 h - 9 fruits
 s - 5 meat rations
 z - 7 beef jerkies


   Skills:
 + Level 6.5 Fighting
 - Level 9.1 Long Blades
 - Level 5.0 Armour
 - Level 1.2 Dodging
 - Level 11.0 Shields
 - Level 12.0 Invocations
 - Level 6.1 Evocations


You had 11 spell levels left.
You didn't know any spells.

Dungeon Overview and Level Annotations

Branches:
Dungeon (11/15)            Temple (0/1) D:7
   Lair: D:8-11         Orc: D:9-12

Altars:
Ashenzari
Dithmenos
Makhleb
Okawaru
Pakellas
Qazlal
Sif Muna
Vehumet
Yredelemnul

Shops:
D:9 !

Annotations:
Abyss:1 Josephine


Innate Abilities, Weirdness & Mutations

You are under a permanent stasis effect.
You can dig through walls and to a lower floor.
Your four strong arms can wield two-handed weapons with a shield.
You have a pair of large antennae on your head (SInv).
You have sharp fingernails.


Message History

Aim: a skeletal warrior, wielding a scimitar (translocational energy, chance to defeat MR: 26%)
The skeletal warrior easily resists.
You are feeling very hungry.
You can no longer gate yourself to the Abyss.
You block the skeletal warrior's attack.
Press: ? - help, Shift-Dir - straight line, f/p - skeletal warrior
Aim: a skeletal warrior, wielding a scimitar (translocational energy, chance to defeat MR: 26%)
Okay, then.
Press: ? - help, Shift-Dir - straight line, f/p - skeletal warrior
Aim: a skeletal warrior, wielding a scimitar (translocational energy, chance to defeat MR: 26%)
The skeletal warrior is devoured by a tear in reality.
Lugonu claims a new guest.
You feel somewhat more hungry.
Drink which item? (? for menu, Esc to quit)
You feel agile all of a sudden.
You are too injured to fight recklessly!
You hit the phantasmal warrior.
The phantasmal warrior is lightly damaged.
The phantasmal warrior hits you!!
You die...

#....#### #..#.#
{
.#######.##.####
{
#..............#
########.#####.#
#.# #.# ### #.#
#@## #.#####.#
###########W#
#.......#
........{ยง###
###.#####
....#......# #.#
#.
##.###.#######.#
#..##W#
#.........# {
#.....#
#.#########
##.##.....# #
#.#####


You could see a phantasmal warrior.

Vanquished Creatures
  Fannar (D:10)
  Sonja (D:10)
  Pikel (D:7)
  Joseph (D:7)
  A troll (D:9)
  A two-headed ogre (D:10)
  A wyvern (D:10)
  3 wraiths (D:10)
  Eustachio (D:5)
  5 hippogriffs
  3 vampire mosquitoes (D:11)
  A hungry ghost (D:7)
  4 sky beasts
  An orc warrior (D:10)
  2 slaves (D:7)
  3 ice beasts
  2 phantoms
  2 wasps
  5 ogres
  2 necrophages (D:10)
  2 wolves (D:9)
  7 centaurs
  Blork the orc (D:5)
  A big kobold (D:10)
  5 giant frogs
  3 scorpions
  2 wyvern skeletons
  A wight (D:10)
  7 killer bees (D:10)
  6 howler monkeys
  5 crimson imps
  A giant frog zombie (D:5)
  A giant frog skeleton (D:10)
  4 hounds
  3 jellies
  6 orc wizards
  2 quasits
  4 centaur skeletons
  4 orc priests
  Crazy Yiuf (D:3)
  3 iguanas
  Jessica (D:2)
  Natasha (thrice) (D:3)
  Terence (D:3)
  4 worker ants
  A giant frog simulacrum (D:9)
  A centaur simulacrum (D:9)
  A howler monkey zombie (D:9)
  Robin (D:3)
  5 gnolls
  A howler monkey skeleton (D:9)
  6 adders
  3 shadow imps
  A white imp (D:9)
  A howler monkey simulacrum (D:9)
  2 ufetubi (D:9)
  An adder skeleton (D:6)
  2 worms
  4 dart slugs
  4 giant geckos
  34 orcs
  5 giant cockroaches
  19 goblins
  5 hobgoblins
  9 jackals
  4 quokkas
  A ball python (D:8)
  A ball python skeleton (D:4)
  7 bats
  A giant gecko skeleton (D:5)
  3 giant newts
  11 kobolds
  10 rats
263 creatures vanquished.

Vanquished Creatures (others)
  A death knight (D:11)
  The ghost of subsebi the Cleaver, a novice DsCK of Xom (D:10)
  A skeletal warrior (D:11)
  A slave (D:7)
  An electric eel (D:9)
  2 orc wizards (D:3)
  A worker ant (D:7)
8 creatures vanquished.

Grand Total: 271 creatures vanquished

Notes
Turn   | Place    | Note
--------------------------------------------------------------
     0 | Abyss:1  | Murumi the Formicid Abyssal Knight began the quest for the Orb.
     0 | Abyss:1  | Reached XP level 1. HP: 18/18 MP: 2/2
    50 | Abyss:1  | Noticed a mana viper
    51 | D:1      | Escaped the Abyss
   166 | D:1      | Reached skill level 1 in Dodging
   349 | D:1      | Reached XP level 2. HP: 17/24 MP: 3/3
   355 | D:1      | Reached * piety under Lugonu
   355 | D:1      | Reached skill level 3 in Invocations
  1109 | D:2      | Reached XP level 3. HP: 26/29 MP: 5/5
  1133 | D:2      | Found a burning altar of Makhleb.
  1138 | D:2      | Noticed Jessica
  1156 | D:2      | Killed Jessica
  1156 | D:2      | Reached skill level 4 in Invocations
  1156 | D:2      | Reached XP level 4. HP: 28/35 MP: 5/7
  1681 | D:3      | Noticed Robin
  1681 | D:3      | Reached ** piety under Lugonu
  1734 | D:3      | Killed Robin
  2004 | D:3      | Reached skill level 1 in Shields
  2004 | D:3      | Reached XP level 5. HP: 18/41 MP: 8/8
  2694 | D:3      | Noticed Terence
  2711 | D:3      | Killed Terence
  2737 | D:3      | Reached skill level 1 in Evocations
  2737 | D:3      | Reached XP level 6. HP: 7/47 MP: 9/9
  3183 | D:3      | Noticed Natasha
  3192 | D:3      | Killed Natasha
  3221 | D:3      | Reached *** piety under Lugonu
  3496 | D:3      | Noticed Crazy Yiuf
  3501 | D:3      | Cast into level 1 of the Abyss (Crazy Yiuf)
  3507 | Abyss:1  | Noticed a large abomination
  3508 | D:3      | Escaped the Abyss
  3517 | D:3      | Killed Crazy Yiuf
  3857 | D:4      | Noticed an ogre
  3865 | D:4      | Killed an ogre
  3865 | D:4      | Reached skill level 5 in Invocations
  3877 | D:3      | Noticed Natasha
  3890 | D:3      | Killed Natasha
  3890 | D:3      | Reached XP level 7. HP: 8/52 MP: 11/11
  4387 | D:3      | Noticed Natasha
  4396 | D:3      | Killed Natasha
  4414 | D:3      | Reached skill level 6 in Invocations
  4661 | D:4      | Got a wavering wooden ring
  4665 | D:4      | Identified the ring of Cackien {Fragile MR- Dex+9 Slay+4 Stlth+} (You found it on level 4 of the Dungeon)
  4749 | D:4      | Reached skill level 5 in Shields
  5332 | D:5      | Entered Level 5 of the Dungeon
  5332 | D:5      | Noticed Blork the orc
  5351 | D:5      | Killed Blork the orc
  5351 | D:5      | Reached XP level 8. HP: 30/58 MP: 12/12
  5647 | D:5      | Noticed Eustachio
  5684 | D:5      | Killed Eustachio
  5804 | D:6      | Reached skill level 7 in Invocations
  6249 | D:5      | Found an iron altar of Okawaru.
  6249 | D:5      | Found a deep blue altar of Sif Muna.
  6249 | D:5      | Found a shattered altar of Ashenzari.
  6557 | D:6      | Found a stormy altar of Qazlal.
  6565 | D:6      | Reached XP level 9. HP: 56/64 MP: 14/14
  6783 | D:6      | Reached skill level 5 in Long Blades
  7077 | D:7      | Noticed Joseph
  7152 | D:7      | Noticed Pikel
  7175 | D:7      | Killed Pikel
  7175 | D:7      | Reached skill level 8 in Invocations
  7416 | D:7      | Got a pair of brightly glowing gloves
  7422 | D:7      | Reached skill level 9 in Invocations
  7433 | D:7      | Identified the +0 pair of gloves "Zihofagh" {Str+3} (You found it on level 7 of the Dungeon)
  7438 | D:7      | Found a staircase to the Ecumenical Temple.
  7499 | D:7      | Killed Joseph
  7720 | D:7      | Found a shadowy altar of Dithmenos.
  7843 | D:7      | Found an oddly glowing altar of Pakellas.
  7850 | D:7      | Gained mutation: You have sharp fingernails. [potion of beneficial mutation]
  8288 | D:8      | Reached **** piety under Lugonu
  8288 | D:8      | Reached XP level 10. HP: 70/70 MP: 16/16
  8925 | D:8      | Found a radiant altar of Vehumet.
  9297 | D:9      | Found Qocaesup's Distillery.
  9323 | D:9      | Bought a potion of degeneration for 17 gold pieces
  9323 | D:9      | Bought a potion of might for 68 gold pieces
  9323 | D:9      | Bought a potion of curing for 51 gold pieces
  9323 | D:9      | Bought a potion of curing for 51 gold pieces
  9323 | D:9      | Bought 2 potions of curing for 102 gold pieces
  9323 | D:9      | Bought a potion of curing for 51 gold pieces
  9323 | D:9      | Bought a potion of agility for 68 gold pieces
  9417 | D:9      | Found a basalt altar of Yredelemnul.
  9804 | D:9      | Reached skill level 10 in Shields
 10271 | D:9      | Reached ***** piety under Lugonu
 10271 | D:9      | Reached skill level 10 in Invocations
 10541 | D:10     | Entered Level 10 of the Dungeon
 10541 | D:10     | Noticed subsebi's ghost (novice DsCK)
 10628 | D:10     | Reached skill level 5 in Fighting
 10642 | D:10     | Reached XP level 11. HP: 71/79 MP: 18/18
 10649 | D:10     | Reached skill level 5 in Armour
 10693 | D:10     | Noticed Sonja
 10780 | D:10     | Killed Sonja
 10780 | D:10     | Reached skill level 5 in Evocations
 11083 | D:10     | Noticed Josephine
 11105 | D:10     | Banished Josephine
 11526 | D:10     | Noticed Fannar
 11573 | D:10     | Banished subsebi's ghost
 11575 | D:10     | Killed Fannar
 11735 | D:10     | Reached skill level 11 in Invocations
 12286 | D:11     | Noticed a deep elf mage
 12348 | D:11     | Reached skill level 12 in Invocations
 12351 | D:11     | Reached XP level 12. HP: 86/86 MP: 21/21
 12436 | D:11     | Noticed a death knight
 12439 | D:11     | Noticed a skeletal warrior
 12466 | D:11     | Banished a death knight
 12468 | D:11     | Banished a skeletal warrior
 12470 | D:11     | Mangled by a phantasmal warrior

Vault maps used:
D:1:      dpeg_arrival_three_same_balls
D:2:      lemuel_doored_altar, uniq_jessica
D:3:      uniq_robin, uniq_terence, uniq_crazy_yiuf_cottage, uniq_natasha
D:4:      first_bread
D:5:      gammafunk_temple_overflow_forgotten, uniq_eustachio,
          uniq_blork_the_orc
D:6:      grunt_qazlal_clouds, amalloy_card_club
D:7:      old_standard_altar, minmay_temple_entry_grid, basic_altar, uniq_pikel,
          uniq_joseph
D:8:      kennysheep_mini_moat, grunt_ogre_cave
D:9:      kennysheep_mini, serial_shops, shop, serial_ice, serial_ice_h,
          serial_ice_b, serial_ice_o, serial_ice_k
D:10:     hangedman_cross_stitches, uniq_sonja, uniq_josephine, uniq_fannar
D:11:     erik_lair_dragon, orc_david_3, special_room, uniq_urug, uniq_maud

Skill      XL: |  1  2  3  4  5  6  7  8  9 10 11 12 |
---------------+-------------------------------------+-----
Dodging        | 1 |  1.2
Invocations    | 3 4 5 6 7 9 10 12 | 12.0
Long Blades    | 3 4 6 8 9 |  9.1
Shields        | 1 3 4 5 7 9 10 11 | 11.0
Evocations     | 1 2 4 6 |  6.1
Armour         | 3 4 5 |  5.0
Fighting       | 5 6 |  6.5

Action                   |  1- 3 |  4- 6 |  7- 9 | 10-12 || total
-------------------------+-------+-------+-------+-------++-------
Melee: Falchion          |    37 |   341 |   320 |    25 ||   723
       Long sword        |       |       |       |   342 ||   342
       Scimitar          |       |       |       |   149 ||   149
Invok: Depart the Abyss  |     1 |     1 |       |       ||     2
       Banish            |       |       |       |     7 ||     7
 Abil: Dig               |       |     2 |     5 |     8 ||    15
Evoke: Wand              |       |       |     1 |     2 ||     3
  Use: Scroll            |     6 |     4 |    10 |     7 ||    27
       Potion            |       |     3 |     1 |     9 ||    13
 Stab: Invisible         |       |     2 |       |       ||     2
       Distracted        |       |       |       |     2 ||     2
  Eat: Chunk             |     1 |    10 |    12 |    17 ||    40
       Fruit             |       |       |     1 |       ||     1
       Pizza             |       |       |     1 |       ||     1
Armor: Leather armour    |     8 |     7 |       |       ||    15
       Ring mail         |       |   126 |       |       ||   126
       Chain mail        |       |    24 |   105 |   102 ||   231
       Plate armour      |       |       |       |    54 ||    54
       Skin              |       |       |       |    16 ||    16
Dodge: Dodged            |    22 |   101 |    32 |    79 ||   234
Block: Large shield      |       |   229 |   204 |   411 ||   844
